 Dungeon Crawl Stone Soup version 0.30-a0-939-gc8157cb160 (webtiles) character file.

Game seed: 7566369464598014069

43 coolguy69 the Cutter (level 3, -2/18 (19) HPs)
             Began as a Vine Stalker Monk on Mar 25, 2023.
             Slain by Crazy Yiuf
             ... wielding a +2 quarterstaff of chaos
              (10 damage)
             ... on level 2 of the Dungeon.
             The game lasted 00:01:37 (1612 turns).

coolguy69 the Cutter (Vine Stalker Monk)            Turns: 1612, Time: 00:01:38

HP:   -2/18 (19)    AC: 10    Str: 15    XL:     3   Next: 58%
MP:   0/4           EV:  9    Int: 10    God:
Gold: 92            SH:  0    Dex: 16    Spells: 2/2 levels left

rFire   . . .      SeeInvis .    a - +0 short sword
rCold   . . .      Faith    .    (no shield)
rNeg    + . .      Spirit   +    l - +0 pearl dragon scales
rPois   .          Reflect  .    (no helmet)
rElec   .          Rampage  .    (no cloak)
rCorr   .                        (no gloves)
Will    .....                    (no boots)
Stlth   +                        (no amulet)
HPRegen 0.23/turn                (no ring)
MPRegen 0.09/turn                (no ring)

@: brilliant, drained
A: fangs 2, magic shield, antimagic bite, no potion heal 2
a: no special abilities


You were on level 2 of the Dungeon.
You visited 1 branch of the dungeon, and saw 2 of its levels.

You collected 92 gold pieces.

Inventory:

Hand Weapons
 a - a +0 short sword (weapon)
Armour
 l - +0 pearl dragon scales (worn)
Scrolls
 d - 5 scrolls of identify {unknown}
 e - 3 scrolls of amnesia {unknown}
 h - 2 scrolls of blinking {unknown}
 j - a scroll of vulnerability {unknown}
 k - 2 scrolls of teleportation {unknown}
 m - a scroll of enchant weapon {unknown}
 n - a scroll of immolation {unknown}
Potions
 c - a potion of ambrosia
 g - a potion of mutation {unknown}
 i - 2 potions of magic {unknown}
 o - a potion of might {unknown}


   Skills:
 + Level 2.9 Fighting
 * Level 3.6 Short Blades
 + Level 0.6 Armour
 - Level 2.4 Dodging
 - Level 2.4 Stealth


You had 2 spell levels left.
You didn't know any spells.
Your spell library was empty.

Dungeon Overview and Level Annotations

Branches:
Dungeon (2/15)

Altars:

Annotations:
D:2 Crazy Yiuf


Innate Abilities, Weirdness & Mutations

You have extremely sharp teeth.
When hurt, damage is shared between your health and your magic reserves.
Your bite disrupts and absorbs the magic of your enemies.
Potions cannot restore your health.


Message History

Crazy Yiuf shouts!
Crazy Yiuf yells, "Whippet!
Fire koolooloo down."
No reachable target in view!
Could not explore, unopened runed door.
No reachable target in view!
Could not explore, unopened runed door.
No reachable target in view!
No reachable target in view!
It was a potion of brilliance.
You feel clever all of a sudden.
It was a potion of heal wounds.
That seemed strangely inert.
You open the door. You hit Crazy Yiuf. Your bite misses Crazy Yiuf.
Crazy Yiuf is lightly wounded.
Crazy Yiuf hits you with a +2 quarterstaff of chaos.
You partially resist.
You feel drained.
You hit Crazy Yiuf. Your bite misses Crazy Yiuf.
Crazy Yiuf is lightly wounded.
You hit Crazy Yiuf but do no damage.
Crazy Yiuf is lightly wounded.
Crazy Yiuf says, "Proton arga bag!"
Crazy Yiuf hits you with a +2 quarterstaff of chaos.
You hit Crazy Yiuf. Your bite misses Crazy Yiuf.
Crazy Yiuf is moderately wounded.
Crazy Yiuf barely misses you.
You hit Crazy Yiuf. Your bite misses Crazy Yiuf.
Crazy Yiuf is heavily wounded.
Crazy Yiuf hits you with a +2 quarterstaff of chaos.
Crazy Yiuf freezes you.
You hit Crazy Yiuf. You bite Crazy Yiuf. You drain his power.
You feel invigorated.
Crazy Yiuf is severely wounded.
Crazy Yiuf says, "Goober horse green!"
Crazy Yiuf hits you with a +2 quarterstaff of chaos.
Crazy Yiuf freezes you.
You hit Crazy Yiuf but do no damage. You bite Crazy Yiuf, but do no damage.
Crazy Yiuf is severely wounded.
Crazy Yiuf hits you with a +2 quarterstaff of chaos!
Ouch! That really hurt!
You die...

#.# ######.# #.#
#....... #.# #.#####.
### ##.#####.
#.....##.
########.##.... ###
###.#....#.####..
#...##..#.P...........
#...g@####P.....####.#
#)..### ##....## #.#
### ###### #.# #<. ###


You could see Crazy Yiuf.

Vanquished Creatures
  An adder (D:2)
  2 dart slugs (D:2)
  An endoplasm (D:2)
  2 giant cockroaches (D:1)
  2 goblins (D:1)
  7 hobgoblins
  3 kobolds
  5 ball pythons
  2 bats
  A frilled lizard (D:1)
  2 rats (D:2)
28 creatures vanquished.

Notes
Turn   | Place    | Note
-------+----------+-------------------------------------------
     0 | D:1      | coolguy69 the Vine Stalker Monk began the quest for the
                  | Orb.
     0 | D:1      | Reached XP level 1. HP: 11/11 MP: 2/2
   227 | D:1      | Reached skill level 3 in Short Blades
   261 | D:1      | Reached XP level 2. HP: 16/16 MP: 3/3
   768 | D:2      | Reached XP level 3. HP: 19/19 MP: 2/4
  1265 | D:2      | Found a runed translucent door.
  1266 | D:2      | Noticed Crazy Yiuf
  1612 | D:2      | Slain by Crazy Yiuf

Illustrated notes

Levels and vault maps discovered:
D:1:      arrival_zaba_pyramid, layout_basic
D:2:      layout_loops_cross, uniq_crazy_yiuf_cottage

Skill      XL: |  1 |
---------------+----+-----
Short Blades   | 3 |  3.6
Fighting       | |  2.9
Armour         | |  0.6
Dodging        | |  2.4
Stealth        | |  2.4

Action                     || total
---------------------------++-------
  Melee: Short sword       ||    93
         Bite              ||    20
         Punch             ||     1
    Use: Potion            ||     2
   Stab: Sleeping          ||     4
 Armour: Pearl dragon scal ||    33
  Dodge: Dodged            ||    52

Table legend: (Time is in decaauts)
 A = Elapsed time spent in this place.
 B = Non-inter-level travel time spent in this place.
 C = Inter-level travel time spent in this place.
 D = Time resting spent in this place.
 E = Time spent auto-exploring this place.
 F = Levels seen in this place.
 G = Mean time per level.
                   A        B        C        D        E       F      G
               +--------+--------+--------+--------+--------+-----+--------+
         Total |   1596 |   1548 |     48 |    158 |   1185 |   2 |  798.0 |
       Dungeon |   1596 |   1548 |     48 |    158 |   1185 |   2 |  798.0 |
               +--------+--------+--------+--------+--------+-----+--------+

Top non-repeatable levels by time:
     D:2: 863 daAuts
     D:1: 732 daAuts
